 Dungeon Crawl Stone Soup version 0.32-a0-918-g0f22ef8d61 (webtiles) character file.

Game seed: 17620372441831225348

140 circumfission the Charlatan (level 5, 0/29 HPs)
             Began as a Tengu Artificer on Apr 11, 2024.
             Slain by a gnoll
             ... wielding a +0 flail
              (2 damage)
             ... on level 4 of the Dungeon.
             The game lasted 00:08:54 (2646 turns).

circumfission the Charlatan (Tengu Artificer)       Turns: 2646, Time: 00:08:54

Health: 0/29       AC:  5    Str: 13    XL:     5   Next: 23%
Magic:  6/6        EV:  8    Int: 11    God:
Gold:   188        SH:  9    Dex: 16    Spells: 4/5 levels left

rFire   . . .        h - +1 falchion
rCold   . . .        l - +2 kite shield
rNeg    . . .        f - +0 ring mail
rPois   .            (helmet restricted)
rElec   .            (no cloak)
rCorr   .            (no gloves)
SInv    .            (boots unavailable)
Will    .....        (no amulet)
Stlth   +            j - ring of wizardry
HPRegen 0.24/turn    (no ring)
MPRegen 0.10/turn

%: acrobat, wizardry (x1)
@: lethally poisoned (0 -> -2)
A: beak, talons 3, acrobatic
a: no special abilities


You were on level 4 of the Dungeon.
You visited 1 branch of the dungeon, and saw 4 of its levels.

You collected 188 gold pieces.

Inventory:

Hand Weapons
 a - a +0 club
 h - a +1 falchion (weapon)
Missiles
 o - a throwing net
Armour
 b - a +0 leather armour
 f - a +0 ring mail (worn)
 l - a +2 kite shield (worn)
Jewellery
 j - a ring of wizardry (left hand)
Wands
 c - a wand of flame (4) (quivered)
 d - a wand of charming (15)
 e - a wand of iceblast (5)
Scrolls
 i - 3 scrolls of teleportation
 m - a scroll of fear
 n - a scroll of identify
 s - a scroll of amnesia
 t - a scroll of vulnerability
Potions
 g - a potion of resistance
 k - a potion of magic {unknown}
 p - a potion of curing {unknown}
 q - a potion of brilliance {unknown}
 r - a potion of heal wounds {unknown}


   Skills:
 + Level 1.6 Fighting
 + Level 1.1 Long Blades
 + Level 1.2 Maces & Flails
 + Level 3.0 Armour
 + Level 2.3 Dodging
 + Level 1.4 Stealth
 + Level 0.5 Spellcasting
 + Level 4.0 Evocations


You had 4 spell levels left.
You knew the following spells:

 Your Spells              Type           Power      Damage    Failure   Level
a - Magic Dart            Conj           0%         1d3       71%         1

Your spell library contained the following spells:

 Spells                   Type           Power      Damage    Failure   Level
 Blink                    Tloc           0%         N/A       85%         2
 Call Imp                 Summ           0%         N/A       85%         2


Dungeon Overview and Level Annotations

Branches:
Dungeon (4/15)
 Temple: D:4-7

Altars:
Kikubaaqudgha
Vehumet

Annotations:
D:4 exclusion: statue


Innate Abilities, Weirdness & Mutations

You have a beak for a mouth.
You have claws for feet.
You can magically evade attacks while moving or waiting.


Message History

An adder comes into view.
The adder hisses angrily.
You hear a shout!
An ogre comes into view. It is wielding a +0 giant club.
A gnoll comes into view. It is wielding a +0 flail.
You hear a shout!
The ogre shouts!
A goblin comes into view. It is wielding a +0 dagger.
The adder misses you. The adder bites you but does no damage.
The giant cockroach bites you but does no damage.
A gnoll comes into view.
It is wielding the +7 dagger "Inkeuting" {protect, Str+3}.
You block the adder's attack. The giant cockroach closely misses you.
The adder misses you. You block the giant cockroach's attack.
You hit the ogre. Your kick misses the ogre. You peck the ogre.
The ogre is moderately wounded.
You block the adder's attack.
The ogre hits you with a +0 giant club!!
Ouch! That really hurt!
* * * LOW HITPOINT WARNING * * *
The gnoll completely misses you. The giant cockroach misses you.
The adder barely misses you. You block the giant cockroach's attack.
You block the gnoll's attack.
You hit the ogre.
The ogre is heavily wounded.
You block the adder's attack. You block the ogre's attack.
You block the giant cockroach's attack. The gnoll misses you.
The goblin hits you but does no damage. The adder bites you.
* * * LOW HITPOINT WARNING * * *
You are lethally poisoned!
The adder poisons you!
You hit the ogre but do no damage. Your kick misses the ogre.
The ogre is heavily wounded.
* * * LOW HITPOINT WARNING * * *
You feel sick.
The giant cockroach bites you but does no damage.
You block the adder's attack. The goblin closely misses you.
The ogre barely misses you. You block the gnoll's attack.
You block the giant cockroach's attack. The adder closely misses you.
A gnoll comes into view. It is wielding a +0 halberd.
The goblin barely misses you. The gnoll hits you with a +0 flail.
You die...

#......##### ##.
#####......###..
#.####.....# #
##......... # .
#[#### #...######.
# ... #....###.#.#
# ....####.....#.#
......gS........#
.....gO@..).....#
....#.gB......#....
g..
##..............
#..........##...
................#
...#.=.......## ..
....#.........#
............... .
....


You could see an ogre, 3 gnolls, an adder, a giant cockroach and a goblin.

Vanquished Creatures
  A bombardier beetle (D:3)
  4 adders
  A dart slug (D:1)
  4 endoplasms
  2 giant cockroaches (D:2)
  4 goblins
  13 hobgoblins
  4 jackals (D:2)
  6 kobolds
  4 quokkas
  8 ball pythons
  6 bats
  A frilled lizard (D:2)
  5 rats
63 creatures vanquished.

Notes
Turn   | Place    | Note
-------+----------+-------------------------------------------
     0 | D:1      | circumfission the Tengu Artificer began the quest for the
                  | Orb.
     0 | D:1      | Reached XP level 1. HP: 12/12 MP: 2/2
   113 | D:1      | Reached XP level 2. HP: 15/16 MP: 3/3
   371 | D:1      | Found a faded altar of an unknown god.
   650 | D:2      | Reached XP level 3. HP: 20/20 MP: 4/4
   872 | D:2      | Found an ancient bone altar of Kikubaaqudgha.
  1211 | D:2      | Reached skill level 1 in Maces & Flails
  1211 | D:2      | Reached XP level 4. HP: 25/25 MP: 5/5
  1683 | D:3      | Reached skill level 4 in Evocations
  1932 | D:3      | Learned a level 1 spell: Magic Dart
  2011 | D:3      | Reached skill level 1 in Long Blades
  2173 | D:3      | Reached XP level 5. HP: 24/29 MP: 6/6
  2584 | D:4      | Found a radiant altar of Vehumet.
  2584 | D:4      | Noticed a frost-covered statue
  2639 | D:4      | Noticed an ogre
  2642 | D:4      | Identified the +7 dagger "Inkeuting" {protect, Str+3}
  2646 | D:4      | Slain by a gnoll

Illustrated notes

Levels and vault maps discovered:
D:1:      spicycebolla_green_bress_n_ham, layout_rooms,
          hellmonk_ecumenical_altar_leap_of_faith
D:2:      layout_basic, basic_altar
D:3:      layout_basic, chequers_decorated_corner, minmay_misc_feat_pillars
D:4:      layout_rooms, vehumet_statue, nicolae_ossuary_entry_giza,
          corexii_item_surrounded_by_moat

Skill      XL: |  1  2  3  4 |
---------------+-------------+-----
Maces & Flails | 1 |  1.2
Evocations     | 4 |  4.0
Dodging        | 2 |  2.3
Long Blades    | 1 |  1.1
Armour         | 3 |  3.0
Fighting       | |  1.6
Stealth        | |  1.4
Spellcasting   | |  0.5

Action                     |  1- 3 |  4- 6 || total
---------------------------+-------+-------++-------
  Melee: Club              |    30 |       ||    30
         Kick              |    16 |    15 ||    31
         Peck              |     7 |    12 ||    19
         Falchion          |    46 |    59 ||   105
   Cast: Magic Dart        |       |     1 ||     1
  Evoke: Wand              |     5 |     6 ||    11
    Use: Scroll            |     4 |     4 ||     8
   Stab: Sleeping          |     2 |       ||     2
 Armour: Leather armour    |    34 |       ||    34
         Ring mail         |    33 |    67 ||   100
  Dodge: Dodged            |    74 |    64 ||   138
  Block: Kite shield       |       |    67 ||    67

Table legend: (Time is in decaauts)
 A = Elapsed time spent in this place.
 B = Non-inter-level travel time spent in this place.
 C = Inter-level travel time spent in this place.
 D = Time resting spent in this place.
 E = Time spent auto-exploring this place.
 F = Levels seen in this place.
 G = Mean time per level.
                   A        B        C        D        E       F      G
               +--------+--------+--------+--------+--------+-----+--------+
         Total |   2690 |   2690 |      0 |    441 |   1221 |   4 |  672.5 |
       Dungeon |   2690 |   2690 |      0 |    441 |   1221 |   4 |  672.5 |
               +--------+--------+--------+--------+--------+-----+--------+

Top non-repeatable levels by time:
     D:2: 1045 daAuts
     D:3: 840 daAuts
     D:1: 616 daAuts
     D:4: 187 daAuts
